 Dungeon Crawl Stone Soup version 0.29-a0-323-g050149af67 (webtiles) character file.

Game seed: 3946492300257849672

6 spaghetti the Sneak (level 1, -6/16 HPs)
             Began as an Octopode Monk on Apr 10, 2022.
             Mangled by a gnoll
             ... wielding a +0 whip
              (9 damage)
             ... on level 1 of the Dungeon.
             The game lasted 00:00:23 (138 turns).

spaghetti the Sneak (Octopode Monk)                  Turns: 138, Time: 00:00:24

Health: -6/16      AC:  1    Str: 10    XL:     1   Next: 90%
Magic:  1/1        EV: 14    Int: 12    God:
Gold:   22         SH:  0    Dex: 14    Spells: 0/0 levels left

rFire   . . .      SeeInvis .   a - +0 short sword {short}
rCold   . . .      Faith    .   (no shield)
rNeg    . . .      Spirit   .   (helmet restricted)
rPois   .          Reflect  .   (no amulet)
rElec   .          Harm     .   (no ring)
rCorr   .          Rampage  .   (no ring)
Will    .....                   (no ring)
Stlth   +++.......              (no ring)
HPRegen 0.05/turn               (no ring)
MPRegen 0.07/turn               (no ring)
                                (no ring)
                                (no ring)

@: no status effects
A: almost no armour, amphibious, 8 rings, camouflage 1, gelatinous body 1,
(nimble swimmer 1), tentacles
a: no special abilities


You were on level 1 of the Dungeon.
You visited 1 branch of the dungeon, and saw 1 of its levels.

You collected 22 gold pieces.


Innate Abilities, Weirdness & Mutations

You cannot wear most types of armour.
You are amphibious.
You can wear up to eight rings at the same time.
Your skin changes colour to match your surroundings (Stealth+).
Your rubbery body absorbs attacks. (AC +1, EV +1)
((You are camouflaged when in or above water. (Stealth+)))
You have tentacles for arms and can constrict up to eight enemies at once.


   Skills:
 - Level 3.0 Fighting
 - Level 3.0 Short Blades
 - Level 3.0 Dodging
 + Level 3.6 Stealth


You couldn't memorise any spells.
You didn't know any spells.
Your spell library was empty.

Inventory:

Hand Weapons
 a - a +0 short sword (weapon) {short}
Missiles
 e - 19 stones (quivered) {throwing}
Scrolls
 c - a scroll of fog {unknown}
Potions
 b - a potion of ambrosia
 d - a potion of attraction {unknown}

Dungeon Overview and Level Annotations

Branches:
Dungeon (1/15)

Altars:

....##.... ....
...#.... ....
#.#.... #h.# #).†...
#..# ####...
###..#### #######..
#.......# #........
#..g....# #........
#..@....# #........
#.......## #.....♣..
#........# #....8...
#####..#.###........
##.# ..#........
#.## .#...<.... #..#
.#........
##.##..........
...###.#....#######


You could see a gnoll and a jackal.


Message History

You now have 22 gold pieces (gained 17).
d - a bubbling dark potion You see here a +0 club {mace}.
A goblin comes into view. It is wielding a +0 dagger.
The goblin shouts!
A bat comes into view.
There are monsters nearby!
There are monsters nearby!
The goblin hits you but does no damage.
You closely miss the goblin. You grab the goblin.
You constrict the goblin, but do no damage.
The goblin hits you with a +0 dagger. 😕 HP[-2]
You take 2 damage, and now have 14/16 hp.
You are too injured to fight recklessly!
You are too injured to fight recklessly!
You are too injured to fight recklessly!
You are too injured to fight recklessly!
You are too injured to fight recklessly!
You are too injured to fight recklessly!
You are too injured to fight recklessly!
You are too injured to fight recklessly!
A goblin is nearby!
A goblin is nearby!
A goblin is nearby!
You hit the goblin but do no damage. You squeeze the goblin.
You kill the goblin!
A ball python comes into view.
A ball python is nearby!
A ball python is nearby!
You are too injured to fight recklessly!
You are too injured to fight recklessly!
You are too injured to fight recklessly!
You are too injured to fight recklessly!
You are too injured to fight recklessly!
You are too injured to fight recklessly!
You are too injured to fight recklessly!
You are too injured to fight recklessly!
The ball python hisses angrily.
Things that are here:
a +0 dagger {short}; a goblin corpse The ball python bites you but does no damage.
The ball python barely misses you.
You closely miss the ball python. You grab the ball python.
You constrict the ball python. The ball python barely misses you.
The ball python grabs you.
The ball python constricts you. 😕 HP[-1]
You take 1 damage, and now have 13/16 hp.
You hit the ball python.
You kill the ball python!
A bat is nearby! 😕 HP[+1]
A bat is nearby!
A bat is nearby!
A bat is nearby!
You are too injured to fight recklessly!
The bat closely misses you. The bat misses you.
You closely miss the bat. Your grab misses the bat. The bat misses you. x2
You closely miss the bat. You grab the bat.
Your tentacle-slap misses the bat.
You squeeze the bat. You constrict the bat.
You kill the bat!
e - 19 stones {throwing} Key pressed, stopping explore.
A hobgoblin comes into view. 😎 HP[+2]
Your hp is fully restored (16).
A hobgoblin is nearby!
The hobgoblin shouts!
A hobgoblin is nearby!
The hobgoblin hits you. 😮 HP[-5]
You take 5 damage, and now have 11/16 hp.
MASSIVE DAMAGE!! (PAUSE)
You hit the hobgoblin. You grab the hobgoblin.
You constrict the hobgoblin, but do no damage.
The hobgoblin hits you.
A gnoll comes into view. It is wielding a +0 whip. 😮 HP[-1]
You take 1 damage, and now have 10/16 hp.
The gnoll shouts!
You hit the hobgoblin.
You constrict the hobgoblin, but do no damage.
The hobgoblin closely misses you.
You hit the hobgoblin.
You kill the hobgoblin!
You closely miss the gnoll. Your grab misses the gnoll.
A jackal comes into view.
The gnoll closely misses you.
You closely miss the gnoll. You grab the gnoll. You squeeze the gnoll.
You constrict the gnoll. The gnoll hits you with a +0 whip!
* * * LOW HITPOINT WARNING * * *
😱 HP[-7]
You take 7 damage, and now have 3/16 hp.
MASSIVE DAMAGE!! (PAUSE)
You completely miss the gnoll. You squeeze the gnoll. You constrict the gnoll.
The gnoll hits you with a +0 whip!
Ouch! That really hurt!
You die...

Skill      XL: |  1 |
---------------+----+-----
Stealth        | 3 |  3.6
Fighting       | |  3.0
Short Blades   | |  3.0
Dodging        | |  3.0

Action                   || total
-------------------------++-------
Melee: Short sword       ||    14
       Constrict         ||     5
       Tentacles         ||     4
 Stab: Sleeping          ||     2
Armor: Skin              ||     2
Dodge: Dodged            ||     8

Levels and vault maps discovered:
D:1:      wander_arrival_lonely_grave, layout_rooms, minmay_hexomino_r4

Notes
Turn   | Place    | Note
-------+----------+-------------------------------------------
     0 | D:1      | spaghetti the Octopode Monk began the quest for the Orb.
     0 | D:1      | Reached XP level 1. HP: 16/16 MP: 1/1
     0 | D:1      | magus.rc [v1.9.6]
    13 | D:1      | Reached skill level 3 in Stealth
   137 | D:1      | HP: 3/16 [gnoll/+0 whip (7)]
   138 | D:1      | Mangled by a gnoll

Vanquished Creatures
  2 goblins (D:1)
  A hobgoblin (D:1)
  2 ball pythons (D:1)
  A bat (D:1)
6 creatures vanquished.

Table legend:
 A = Non-vault XP
 B = Vault XP
 C = Vault XP percentage of total XP
 D = Non-vault monster count
 E = Vault monster count
 F = Vault count percentage of total count
                 A         B        C        D         E       F
            +---------+---------+-------+---------+---------+-------
      Total |       9 |       0 |   0.0 |       6 |       0 |   0.0
            +---------+---------+-------+---------+---------+-------
        D:1 |       9 |       0 |   0.0 |       6 |       0 |   0.0
            +---------+---------+-------+---------+---------+-------

Illustrated notes

Table legend:
 A = Kills in this place as a percentage of kills in entire the game.
 B = Kills by you in this place as a percentage of kills by you in the entire game.
 C = Kills by friends in this place as a percentage of kills by friends in the entire game.
 D = Other kills in this place as a percentage of other kills in the entire game.
 E = Experience gained in this place as a percentage of experience gained in the entire game.
 F = Experience gained in this place divided by the number of levels of this place that you have seen.
                   A       B       C       D       E      F
               +-------+-------+-------+-------+-------+----------------------
         Total | 100.0 | 100.0 |   N/A |   N/A | 100.0 |   9.0
       Dungeon | 100.0 | 100.0 |   N/A |   N/A | 100.0 |   9.0
               +-------+-------+-------+-------+-------+----------------------

Table legend: (Time is in decaauts)
 A = Elapsed time spent in this place.
 B = Non-inter-level travel time spent in this place.
 C = Inter-level travel time spent in this place.
 D = Time resting spent in this place.
 E = Time spent auto-exploring this place.
 F = Levels seen in this place.
 G = Mean time per level.
                   A        B        C        D        E       F      G
               +--------+--------+--------+--------+--------+-----+--------+
         Total |    137 |    137 |      0 |      0 |     95 |   1 |  137.0 |
       Dungeon |    137 |    137 |      0 |      0 |     95 |   1 |  137.0 |
               +--------+--------+--------+--------+--------+-----+--------+

Top non-repeatable levels by time:
     D:1: 137 daAuts
